 Dungeon Crawl Stone Soup version 0.30.0-10-gfe55d96785 (webtiles) character file.

Game seed: 1596958055478434105

411 CaptainMV the Conjurer (level 6, -3/43 HPs)
             Began as a Demonspawn Conjurer on May 15, 2023.
             Slain by Blork the orc
             ... wielding a +1 halberd of flaming
              (12 damage)
             ... on level 4 of the Dungeon.
             The game lasted 00:24:42 (2572 turns).

CaptainMV the Conjurer (Demonspawn Conjurer)        Turns: 2572, Time: 00:24:42

Health: -3/43      AC:  4    Str:  8    XL:     6   Next: 58%
Magic:  0/10       EV: 12    Int: 21    God:
Gold:   179        SH:  0    Dex: 11    Spells: 10/11 levels left

rFire   . . .        a - +2 dagger (flame)
rCold   . . .        (no shield)
rNeg    . . .        g - +0 robe of the Elephant {rElec}
rPois   .            (no helmet)
rElec   +            k - +1 cloak
rCorr   .            (no gloves)
SInv    +            (no boots)
Will    .....        f - amulet of guardian spirit
Stlth   ++           l - ring of see invisible
HPRegen 0.27/turn    (no ring)
MPRegen 0.12/turn

%: guardian spirit
@: no status effects
A: ignite blood 2, demonic magic 1
a: no special abilities


You were on level 4 of the Dungeon.
You visited 1 branch of the dungeon, and saw 4 of its levels.

You collected 179 gold pieces.

Inventory:

Hand Weapons
 a - a +2 dagger of flaming (weapon)
 o - a +0 dagger of freezing
Missiles
 n - 3 javelins
 u - 2 poisoned darts
Armour
 e - a +1 robe
 g - the +0 robe of the Elephant (worn) {rElec}
   (You found it on level 2 of the Dungeon)

   rElec:     It insulates you from electricity.
 k - a +1 cloak (worn)
Jewellery
 f - an amulet of guardian spirit (around neck)
 l - a ring of see invisible (left hand)
 r - a ring of protection from cold
 t - a ring of protection from cold
Wands
 v - a wand of paralysis (9)
Scrolls
 h - 2 scrolls of acquirement
 i - a scroll of fear
 q - 2 scrolls of identify
 w - a scroll of enchant armour
Potions
 b - 2 potions of magic
 c - a potion of heal wounds {unknown}
 d - 2 potions of mutation {unknown}
 j - 2 potions of curing {unknown}
 m - 3 potions of berserk rage {unknown}
 p - a potion of flight {unknown}
 s - a potion of degeneration {unknown}


   Skills:
 + Level 1.6 Fighting
 + Level 1.8 Short Blades
 + Level 2.9 Dodging
 + Level 3.0 Stealth
 + Level 0.6 Unarmed Combat
 + Level 3.2 Spellcasting
 + Level 5.4 Conjurations


You had 10 spell levels left.
You knew the following spells:

 Your Spells              Type           Power      Damage    Failure   Level
a - Magic Dart            Conj           100%       1d8       1%          1

Your spell library contained the following spells:

 Spells                   Type           Power      Damage    Failure   Level
 Searing Ray              Conj           52%        2d6       1%          2
 Dazzling Flash           Conj/Hex       28%        N/A       13%         3
 Fulminant Prism          Conj/Hex       7%         3d7       38%         4
 Iskenderun's Mystic Bla  Conj/Tloc      14%        2d5       38%         4


Dungeon Overview and Level Annotations

Branches:
Dungeon (4/15)
 Temple: D:4-7

Altars:

Shops:
D:2 (   D:4 *[((

Annotations:
D:4 Blork the orc


Innate Abilities, Weirdness & Mutations

Your demonic aura often causes spilled blood to erupt in flames.
Spells you cast may paralyse adjacent enemies.


Message History

Malevolent energies surge around you.
Blork the orc points at you and mumbles some strange words.
The magic dart hits you!
Casting: Magic Dart (safe; 1% risk of failure)
Confirm with . or Enter, or press ? or * to list all spells.
Aiming: Magic Dart (safe; 1% risk of failure)
Press: ? - help, Shift-Dir - straight line, f/p - Blork the orc
Aim: Blork the orc, wielding a +1 halberd of flaming and wearing a +0 robe (100% to hit)
The magic dart hits Blork the orc.
Blork the orc is lightly wounded.
Malevolent energies surge around you. Blork the orc casts a spell at you.
The magic dart hits you.
Casting: Magic Dart (safe; 1% risk of failure)
Confirm with . or Enter, or press ? or * to list all spells.
Aiming: Magic Dart (safe; 1% risk of failure)
Press: ? - help, Shift-Dir - straight line, f/p - Blork the orc
Aim: Blork the orc, wielding a +1 halberd of flaming and wearing a +0 robe (lightly wounded, 100% to hit)
The magic dart hits Blork the orc.
Blork the orc is moderately wounded.
Malevolent energies surge around you.
Blork the orc hits you from afar with a +1 halberd of flaming.
Blork the orc burns you.
Casting: Magic Dart (safe; 1% risk of failure)
Confirm with . or Enter, or press ? or * to list all spells.
You don't have enough magic to cast this spell.
Unknown command.
Blork the orc hits you with a +1 halberd of flaming.
* * * LOW HITPOINT WARNING * * *
Blork the orc burns you.
* * * LOW HITPOINT WARNING * * *
You see here an adder corpse.
You hit Blork the orc. You burn Blork the orc.
Blork the orc is moderately wounded.
Blork the orc misses you.
Unknown command.
You closely miss Blork the orc.
Blork the orc is moderately wounded.
Blork the orc hits you with a +1 halberd of flaming!
You die...

##.#.#.##.....##.#
.....#.###.#...#.#
##.###.# #.#...#.#
##.###.# #.....>.#
.......# #####.### ######
.......# #.####......
.......# #.##... .P..
....##### ####.##.# .P...
...##...###.....@o#.....P
..##.....##....##.......~
..#.......#..#.##.#....~~
..'.†.....#....##.# ...~≈
..#.......#.#.###.# .~~≈
..##.....##.... ..# ≈~≈
..###...###...##### ..
..# ##### ##### .
..###...##


You could see Blork the orc.

Vanquished Creatures
  A phantom (D:4)
  An iguana (D:4)
  Natasha (thrice) (D:2)
  An orc wizard (D:3)
  4 gnolls (D:3)
  7 adders
  5 dart slugs
  4 orcs
  10 endoplasms
  2 giant cockroaches (D:1)
  7 goblins
  9 hobgoblins
  2 jackals (D:3)
  8 quokkas
  5 ball pythons
  7 bats
  4 frilled lizards
  6 kobolds
  4 rats
90 creatures vanquished.

Notes
Turn   | Place    | Note
-------+----------+-------------------------------------------
     0 | D:1      | CaptainMV the Demonspawn Conjurer began the quest for the
                  | Orb.
     0 | D:1      | Reached XP level 1. HP: 13/13 MP: 3/3
   136 | D:1      | Gained mutation: Your demonic aura sometimes causes spilled
                  | blood to erupt in flames. [demonic ancestry]
   136 | D:1      | Reached XP level 2. HP: 11/19 MP: 0/5
   780 | D:1      | Gained mutation: Your demonic aura often causes spilled
                  | blood to erupt in flames. [demonic ancestry]
   780 | D:1      | Reached XP level 3. HP: 14/25 MP: 3/6
   817 | D:2      | Found Penn's Weapon Boutique.
   876 | D:2      | Identified the +0 robe of the Elephant {rElec}
   915 | D:2      | Found a faded altar of an unknown god.
   979 | D:2      | Noticed Natasha
   991 | D:2      | Killed Natasha
   992 | D:2      | Reached skill level 1 in Fighting
   992 | D:2      | Gained mutation: Spells you cast may paralyse adjacent
                  | enemies. [demonic ancestry]
   992 | D:2      | Reached XP level 4. HP: 18/32 MP: 1/7
  1207 | D:2      | Noticed Natasha
  1214 | D:2      | Killed Natasha
  1326 | D:2      | Noticed Natasha
  1329 | D:2      | Killed Natasha
  1330 | D:2      | Reached skill level 1 in Short Blades
  1330 | D:2      | Reached skill level 5 in Conjurations
  1330 | D:2      | Reached XP level 5. HP: 37/37 MP: 1/8
  1501 | D:3      | Identified a scroll of acquirement
  2113 | D:4      | Noticed a phantom
  2121 | D:4      | Killed a phantom
  2122 | D:4      | Reached XP level 6. HP: 35/43 MP: 3/10
  2122 | D:4      | Found Lilok's General Store.
  2122 | D:4      | Found Lyxzel's Weapon Shoppe.
  2122 | D:4      | Found Wasih's Weapon Shoppe.
  2132 | D:4      | Found Esuquot's Antique Armour Shoppe.
  2558 | D:4      | Noticed Blork the orc
  2572 | D:4      | Slain by Blork the orc

Illustrated notes

Levels and vault maps discovered:
D:1:      erik_arrival_blinker_ship, layout_basic, minmay_pentomino_q4
D:2:      minmay_alternating_diamond, layout_rooms,
          hellmonk_ecumenical_altar_run_dry, serial_shops,
          nicolae_shop_bloodbath_and_beyond, uniq_natasha
D:3:      layout_basic, corexii_hall_statues_u, kennysheep_potato
D:4:      kennysheep_six_static_rooms, layout_loops_cross,
          cheibrodos_sewer_entry_sluice, eino_tiny_chamber,
          minmay_shop_grid_forest, guppyfry_early_lair_pool, uniq_sigmund,
          uniq_blork_the_orc

Skill      XL: |  1  2  3  4  5  6 |
---------------+-------------------+-----
Stealth        | 2 3 |  3.0
Dodging        | 2 |  2.9
Fighting       | 1 |  1.6
Short Blades   | 1 |  1.8
Conjurations   | 5 |  5.4
Spellcasting   | 3 |  3.2
Unarmed Combat | |  0.6

Action                     |  1- 3 |  4- 6 || total
---------------------------+-------+-------++-------
  Melee: Unarmed           |    44 |       ||    44
         Punch             |     3 |     1 ||     4
         Dagger            |    52 |    67 ||   119
   Cast: Magic Dart        |    46 |    86 ||   132
    Use: Scroll            |     5 |     7 ||    12
   Stab: Paralysed         |       |     9 ||     9
         Sleeping          |       |     3 ||     3
 Armour: Robe              |    26 |    14 ||    40
  Dodge: Dodged            |    71 |    47 ||   118
